PCL
SAN JOSE MISSIONS @ SANTA MONICA BRUINS
09/08/2029
 
TOP OF THE 1ST
San Jose Missions batting - Pitching for Santa Monica Bruins : RHP Armand Calazzo
Pitching: RHP Armand Calazzo
Batting: RHB Brandon Townsley 0-0: Ball
1-0: Foul Ball, location: 2F
1-1: Foul Ball, location: 2F
1-2: Foul Ball, location: 2F
1-2: Ball
2-2: Foul Ball, location: 2F
2-2: Foul Ball, location: 2F
2-2: Ball
3-2: Foul Ball, location: 2F
3-2: Foul Ball, location: 2F
3-2: Foul Ball, location: 2F
3-2: Base on Balls
Batting: RHB Jorge Díaz 0-0: Ball
1-0: Swinging Strike
1-1: Ball
2-1: Foul Ball, location: 2F
2-2: Reached on error, E4 (Groundball, 4)
Brandon Townsley to second
Batting: SHB Ángel González 0-0: Ball
1-0: Foul Ball, location: 2F
1-1: Foul Ball, location: 2F
1-2: Ball
2-2: Ball
3-2: Strikes out swinging
Batting: LHB John Foster 0-0: Ball
1-0: Foul Ball, location: 2F
1-1: Foul Ball, location: 2F
1-2: Strikes out swinging
Batting: LHB Pedro Ramos 0-0: Called Strike
0-1: Ball
Wild Pitch!
Brandon Townsley to third
Jorge Díaz to second
1-1: Called Strike
1-2: Strikes out swinging
Top of the 1st over - 0 runs, 0 hits, 1 error, 2 left on base; San Jose 0 - Santa Monica 0
BOTTOM OF THE 1ST
Santa Monica Bruins batting - Pitching for San Jose Missions : LHP Daniel Roberts
Pitching: LHP Daniel Roberts
Batting: LHB Michael Myers 0-0: Ground out U3 (Groundball, 3)
Batting: LHB Gonzalo Benítez 0-0: Called Strike
0-1: Foul Ball, location: 2F
0-2: Foul Ball, location: 2F
0-2: Foul Ball, location: 2F
0-2: SOLO HOME RUN (Flyball, 9LD), Distance : 350 ft
Batting: RHB Matt O'Rourke 0-0: Ball
1-0: Ball
2-0: Called Strike
2-1: Foul Ball, location: 2F
2-2: Ball
3-2: Strikes out swinging
Batting: RHB Luis Martínez 0-0: Ball
1-0: Called Strike
1-1: Ball
2-1: Called Strike
2-2: SINGLE (Line Drive, 78S)
Batting: RHB Manny Copriviza 0-0: Fielders Choice at 2nd, 5-4 (Groundball, 56)
Bottom of the 1st over - 1 run, 2 hits, 0 errors, 1 left on base; San Jose 0 - Santa Monica 1
TOP OF THE 2ND
San Jose Missions batting - Pitching for Santa Monica Bruins : RHP Armand Calazzo
Batting: RHB Dave Wookey 0-0: Ball
1-0: Foul Ball, location: 2F
1-1: Ball
2-1: Ball
3-1: Base on Balls
Batting: RHB Chase Mueller 0-0: Ball
1-0: Swinging Strike
1-1: Foul Ball, location: 2F
1-2: Foul Ball, location: 2F
1-2: Strikes out looking
Batting: RHB Raúl Bruno 0-0: Ball
1-0: Ball
2-0: Ball
3-0: Called Strike
3-1: Foul Ball, location: 2F
3-2: Base on Balls
Dave Wookey to second
Batting: RHB José Ramos 0-0: Grounds into double play, 5-4-3 (Groundball, 56)
Top of the 2nd over - 0 runs, 0 hits, 0 errors, 1 left on base; San Jose 0 - Santa Monica 1
BOTTOM OF THE 2ND
Santa Monica Bruins batting - Pitching for San Jose Missions : LHP Daniel Roberts
Batting: SHB Adrián Nieto 0-0: Ground out 6-3 (Groundball, 6)
Batting: RHB Mario Rosales 0-0: Ball
1-0: Ball
2-0: Ball
3-0: Base on Balls
Batting: LHB Arthur MacDonald 0-0: Ball
1-0: Foul Ball, location: 2F
1-1: Swinging Strike
1-2: Ball
2-2: SINGLE (Groundball, 4MD)
Mario Rosales to second
Batting: RHB Dave King 0-0: Foul Ball, location: 2F
0-1: Ball
1-1: Called Strike
1-2: Ball
2-2: Foul Ball, location: 2F
2-2: Foul Ball, location: 2F
2-2: SINGLE (Groundball, 34D)
Mario Rosales to third
Arthur MacDonald to second
Batting: LHB Michael Myers 0-0: Called Strike
0-1: Ball
1-1: Called Strike
1-2: Ball
2-2: Foul Ball, location: 2F
2-2: Ball
3-2: Grounds into fielders choice 1-2 (Groundball, 15S)
Arthur MacDonald to third
Dave King to second
Batting: LHB Gonzalo Benítez 0-0: Foul Ball, location: 2F
0-1: Swinging Strike
0-2: Foul Ball, location: 2F
0-2: Strikes out swinging
Bottom of the 2nd over - 0 runs, 2 hits, 0 errors, 3 left on base; San Jose 0 - Santa Monica 1
TOP OF THE 3RD
San Jose Missions batting - Pitching for Santa Monica Bruins : RHP Armand Calazzo
Batting: RHB Brandon Townsley 0-0: Called Strike
0-1: Swinging Strike
0-2: Ball
1-2: Strikes out looking
Batting: RHB Jorge Díaz 0-0: Called Strike
0-1: Called Strike
0-2: Strikes out looking and he ARGUES THE CALL AND IS TOSSED!
Batting: SHB Ángel González 0-0: Swinging Strike
0-1: Ball
1-1: Ball
2-1: Foul Ball, location: 2F
2-2: Strikes out swinging
Top of the 3rd over - 0 runs, 0 hits, 0 errors, 0 left on base; San Jose 0 - Santa Monica 1
BOTTOM OF THE 3RD
Santa Monica Bruins batting - Pitching for San Jose Missions : LHP Daniel Roberts
Now at 3B: Leopoldo Horgan
Batting: RHB Matt O'Rourke 0-0: Called Strike
0-1: Ball
1-1: Ball
2-1: Foul Ball, location: 2F
2-2: Strikes out looking
Batting: RHB Luis Martínez 0-0: Swinging Strike
0-1: Ball
1-1: Ball
2-1: Ball
3-1: Foul Ball, location: 2F
3-2: Base on Balls
Batting: RHB Manny Copriviza 0-0: Ball
1-0: Ball
2-0: Ball
3-0: Called Strike
3-1: Base on Balls
Luis Martínez to second
Batting: SHB Adrián Nieto 0-0: Ground out 5-3 (Groundball, 56S)
Luis Martínez to third
Manny Copriviza to second
Batting: RHB Mario Rosales 0-0: Ball
1-0: Ball
2-0: Ball
3-0: Called Strike
3-1: 3-RUN HOME RUN (Flyball, 89XD), Distance : 412 ft
Batting: LHB Arthur MacDonald 0-0: Ball
1-0: Called Strike
1-1: Ball
2-1: Swinging Strike
2-2: Ball
3-2: Strikes out looking
Bottom of the 3rd over - 3 runs, 1 hit, 0 errors, 0 left on base; San Jose 0 - Santa Monica 4
TOP OF THE 4TH
San Jose Missions batting - Pitching for Santa Monica Bruins : RHP Armand Calazzo
Batting: LHB John Foster 0-0: Swinging Strike
0-1: Reached on error, E3 (Groundball, 34S)
Batting: LHB Pedro Ramos 0-0: Ball
1-0: Ball
2-0: Ball
3-0: Base on Balls
John Foster to second
Batting: RHB Dave Wookey 0-0: Ball
1-0: DOUBLE (Line Drive, 78M)
John Foster scores
Pedro Ramos to third
Runner from 3rd tries for Home, SAFE, no throw
Batting: RHB Chase Mueller 0-0: Ball
1-0: Ground out 4-3 (Groundball, 4)
Dave Wookey to third
Batting: RHB Raúl Bruno 0-0: Fly out, F4 (Popup, 4M)
Batting: RHB José Ramos 0-0: Ball
1-0: Called Strike
1-1: SINGLE (Groundball, 56S) (infield hit)
Dave Wookey scores
Batting: RHB Brandon Townsley 0-0: Ball
1-0: Ball
2-0: Called Strike
2-1: SINGLE (Line Drive, 5D)
José Ramos to second
Batting: RHB Leopoldo Horgan 0-0: Ball
1-0: Foul Ball, location: 2F
1-1: Foul Ball, location: 2F
1-2: Fielders Choice at 2nd, 6-4 (Groundball, 6)
Top of the 4th over - 3 runs, 3 hits, 1 error, 2 left on base; San Jose 3 - Santa Monica 4
BOTTOM OF THE 4TH
Santa Monica Bruins batting - Pitching for San Jose Missions : LHP Daniel Roberts
Batting: RHB Dave King 0-0: SINGLE (Groundball, 4D)
Batting: LHB Michael Myers 0-0: Called Strike
0-1: Foul Ball, location: 2F
0-2: Foul Ball, location: 2F
0-2: Ball
1-2: Ball
2-2: DOUBLE (Flyball, 8LD)
Dave King to third
Runner from 3rd tries for Home, SAFE, no throw
Batting: LHB Gonzalo Benítez 0-0: Foul Ball, location: 2F
0-1: Ball
1-1: Fly out, F9 (Line Drive, 89D)
Runner from 2nd tags up, SAFE at 3rd, no throw
Batting: RHB Matt O'Rourke 0-0: Foul Ball, location: 2F
0-1: Foul Ball, location: 2F
0-2: Strikes out swinging
Batting: RHB Luis Martínez 0-0: Called Strike
0-1: Ball
1-1: Ball
2-1: Fly out, F8 (Flyball, 89XD)
Bottom of the 4th over - 1 run, 2 hits, 0 errors, 1 left on base; San Jose 3 - Santa Monica 5
TOP OF THE 5TH
San Jose Missions batting - Pitching for Santa Monica Bruins : RHP Armand Calazzo
Batting: SHB Ángel González 0-0: Called Strike
0-1: Ball
1-1: Ball
2-1: Foul Ball, location: 2F
2-2: Ball
3-2: Foul Ball, location: 2F
3-2: Foul Ball, location: 2F
3-2: Foul Ball, location: 2F
3-2: Foul Ball, location: 2F
3-2: TRIPLE (Flyball, 9LD)
Pitching: RHP Rick Hernández
Batting: LHB John Foster 0-0: Ball
1-0: Called Strike
1-1: Foul Ball, location: 2F
1-2: Strikes out looking
Batting: LHB Pedro Ramos 0-0: Ball
1-0: Foul Ball, location: 2F
1-1: Ground out 5-3 (Groundball, 56)
Ángel González scores
Batting: RHB Dave Wookey 0-0: Ball
1-0: Swinging Strike
1-1: Called Strike
1-2: Strikes out swinging
Top of the 5th over - 1 run, 1 hit, 0 errors, 0 left on base; San Jose 4 - Santa Monica 5
BOTTOM OF THE 5TH
Santa Monica Bruins batting - Pitching for San Jose Missions : LHP Daniel Roberts
Batting: RHB Manny Copriviza 0-0: Ball
1-0: Foul Ball, location: 2F
1-1: Called Strike
1-2: SINGLE (Groundball, 56D)
Batting: SHB Adrián Nieto 0-0: SINGLE (Groundball, 56D)
Manny Copriviza to second
Batting: RHB Mario Rosales 0-0: Ball
1-0: SINGLE (Line Drive, 8LS)
Manny Copriviza to third
Adrián Nieto to second
Batting: LHB Arthur MacDonald 0-0: Ball
1-0: Ball
2-0: Foul Ball, location: 2F
2-1: Foul Ball, location: 2F
2-2: Hit by Pitch
Manny Copriviza scores
Adrián Nieto to third
Mario Rosales to second
Batting: RHB Dave King 0-0: Ball
1-0: Ball
2-0: Ball
3-0: Base on Balls
Adrián Nieto scores
Mario Rosales to third
Arthur MacDonald to second
Batting: LHB Michael Myers 0-0: Ball
1-0: Swinging Strike
1-1: Swinging Strike
1-2: Strikes out swinging
Batting: LHB Gonzalo Benítez 0-0: Called Strike
0-1: Ball
1-1: Swinging Strike
1-2: Foul Ball, location: 2F
1-2: Ball
2-2: Foul Ball, location: 2F
2-2: SINGLE (Line Drive, 4MD)
Mario Rosales scores
Arthur MacDonald to third
Dave King to second
Runner from 3rd tries for Home, SAFE, no throw
Pitching: LHP Mario Galván
Batting: RHB Matt O'Rourke 0-0: Ball
1-0: Ball
2-0: Ball
3-0: Foul Ball, location: 2F
3-1: Called Strike
3-2: Base on Balls
Dave King to third
Gonzalo Benítez to second
Batting: RHB Luis Martínez 0-0: Foul Ball, location: 2F
0-1: Ball
1-1: Ball
2-1: Swinging Strike
2-2: GRAND SLAM HOME RUN (Flyball, 7D), Distance : 368 ft
Batting: RHB Manny Copriviza 0-0: Ball
1-0: Called Strike
1-1: Ball
2-1: Ball
3-1: Swinging Strike
3-2: Base on Balls
Batting: SHB Adrián Nieto 0-0: Ball
1-0: Foul Ball, location: 2F
1-1: Foul Ball, location: 2F
1-2: Foul Ball, location: 2F
1-2: Foul Ball, location: 2F
1-2: Foul Ball, location: 2F
1-2: DOUBLE (Line Drive, 7LD)
Manny Copriviza to third
Batting: RHB Mario Rosales 0-0: Ball
1-0: Ball
2-0: Ball
3-0: Base on Balls
Batting: LHB Arthur MacDonald 0-0: Called Strike
0-1: Ball
1-1: Ball
2-1: SINGLE (Groundball, 4S) (infield hit)
Manny Copriviza scores
Adrián Nieto to third
Mario Rosales to second
Batting: RHB Dave King 0-0: Ball
1-0: Ball
2-0: Ball
3-0: Base on Balls
Adrián Nieto scores
Mario Rosales to third
Arthur MacDonald to second
Batting: LHB Michael Myers 0-0: Ball
1-0: SINGLE (Groundball, 56D)
Mario Rosales scores
Arthur MacDonald to third
Dave King to second
Pitching: RHP Wilson Vecino
Batting: LHB Gonzalo Benítez 0-0: Called Strike
0-1: Foul Ball, location: 2F
0-2: Ball
1-2: Strikes out swinging
Batting: RHB Matt O'Rourke 0-0: Called Strike
0-1: Ball
1-1: Called Strike
1-2: Strikes out looking
Bottom of the 5th over - 11 runs, 8 hits, 0 errors, 3 left on base; San Jose 4 - Santa Monica 16
TOP OF THE 6TH
San Jose Missions batting - Pitching for Santa Monica Bruins : RHP Rick Hernández
Pinch Hitting: RHB Artie Green 0-0: Called Strike
0-1: Ball
1-1: Called Strike
1-2: Ball
2-2: Foul Ball, location: 2F
2-2: Strikes out swinging
Batting: RHB Raúl Bruno 0-0: Ball
1-0: Foul Ball, location: 2F
1-1: DOUBLE (Line Drive, 78D)
Batting: RHB José Ramos 0-0: Called Strike
0-1: Called Strike
0-2: Ball
1-2: Strikes out looking
Batting: RHB Brandon Townsley 0-0: Called Strike
0-1: Foul Ball, location: 2F
0-2: Ball
1-2: Strikes out swinging
Top of the 6th over - 0 runs, 1 hit, 0 errors, 1 left on base; San Jose 4 - Santa Monica 16
BOTTOM OF THE 6TH
Santa Monica Bruins batting - Pitching for San Jose Missions : RHP Wilson Vecino
Now at 2B: Jorge Domínguez
Batting: RHB Luis Martínez 0-0: Fly out, F8 (Flyball, 8LD)
Batting: RHB Manny Copriviza 0-0: Called Strike
0-1: Ball
1-1: Foul Ball, location: 2F
1-2: Fly out, F8 (Flyball, 89M)
Batting: SHB Adrián Nieto 0-0: Called Strike
0-1: Ball
1-1: Ball
2-1: Ball
3-1: Base on Balls
Batting: RHB Mario Rosales 0-0: Called Strike
0-1: SINGLE (Flyball, 89S)
Adrián Nieto to second
Runner from 2nd tries for 3rd, SAFE, no throw
Batting: LHB Arthur MacDonald 0-0: Ball
1-0: Ball
2-0: Fly out, F8 (Flyball, 8LD)
Bottom of the 6th over - 0 runs, 1 hit, 0 errors, 2 left on base; San Jose 4 - Santa Monica 16
TOP OF THE 7TH
San Jose Missions batting - Pitching for Santa Monica Bruins : RHP Rick Hernández
Batting: RHB Leopoldo Horgan 0-0: Called Strike
0-1: Called Strike
0-2: Strikes out swinging
Batting: SHB Ángel González 0-0: Swinging Strike
0-1: SOLO HOME RUN (Flyball, 7LD), Distance : 347 ft
Batting: LHB John Foster 0-0: Called Strike
0-1: Foul Ball, location: 2F
0-2: Ball
1-2: Ground out 4-3 (Groundball, 4)
Batting: LHB Pedro Ramos 0-0: Called Strike
0-1: Foul Ball, location: 2F
0-2: Ball
1-2: Ball
2-2: Ground out 2-3 (Groundball, 15S)
Top of the 7th over - 1 run, 1 hit, 0 errors, 0 left on base; San Jose 5 - Santa Monica 16
BOTTOM OF THE 7TH
Santa Monica Bruins batting - Pitching for San Jose Missions : RHP Wilson Vecino
Batting: RHB Dave King 0-0: Ground out 5-3 (Groundball, 56S)
Batting: LHB Michael Myers 0-0: Swinging Strike
0-1: Ground out U3 (Groundball, 3)
Batting: LHB Gonzalo Benítez 0-0: Called Strike
0-1: Ground out 4-3 (Groundball, 4)
Bottom of the 7th over - 0 runs, 0 hits, 0 errors, 0 left on base; San Jose 5 - Santa Monica 16
TOP OF THE 8TH
San Jose Missions batting - Pitching for Santa Monica Bruins : RHP Rick Hernández
Pitching: LHP John Lawson
Batting: RHB Dave Wookey 0-0: Called Strike
0-1: Ground out 6-3 (Groundball, 56)
Batting: RHB Jorge Domínguez 0-0: Ball
1-0: Ball
2-0: Ball
3-0: Called Strike
3-1: Base on Balls
Batting: RHB Raúl Bruno 0-0: Swinging Strike
0-1: Ball
1-1: Ball
2-1: Foul Ball, location: 2F
2-2: Ball
3-2: Foul Ball, location: 2F
3-2: 2-RUN HOME RUN (Flyball, 78XD), Distance : 395 ft
Batting: RHB José Ramos 0-0: Ball
1-0: SINGLE (Groundball, 6MD)
Batting: RHB Brandon Townsley 0-0: Ball
1-0: Foul Ball, location: 2F
1-1: Ball
2-1: Foul Ball, location: 2F
2-2: Fielders Choice at 2nd, 3-6 (Groundball, 34)
Batting: RHB Leopoldo Horgan 0-0: Ball
1-0: Ball
2-0: Fly out, F9 (Flyball, 9LMF)
Top of the 8th over - 2 runs, 2 hits, 0 errors, 1 left on base; San Jose 7 - Santa Monica 16
BOTTOM OF THE 8TH
Santa Monica Bruins batting - Pitching for San Jose Missions : RHP Wilson Vecino
Batting: RHB Matt O'Rourke 0-0: Ball
1-0: SINGLE (Groundball, 56D)
Batting: RHB Luis Martínez 0-0: Ball
1-0: Foul Ball, location: 2F
1-1: Ball
2-1: Swinging Strike
2-2: Foul Ball, location: 2F
2-2: Foul Ball, location: 2F
2-2: DOUBLE (Flyball, 89XD)
Matt O'Rourke to third
Batting: RHB Manny Copriviza 0-0: Ball
1-0: Ball
2-0: Ball
3-0: Base on Balls
Batting: SHB Adrián Nieto 0-0: Called Strike
0-1: Fly out, F8 (Flyball, 89D)
Runner from 3rd tags up, SCORES, no throw
Batting: RHB Mario Rosales 0-0: Called Strike
0-1: Ball
1-1: SINGLE (Line Drive, 34D)
Luis Martínez to third
Manny Copriviza to second
Batting: LHB Arthur MacDonald 0-0: Ball
1-0: Foul Ball, location: 2F
1-1: Ball
2-1: SINGLE (Line Drive, 9LM)
Luis Martínez scores
Manny Copriviza to third
Mario Rosales to second
Batting: RHB Dave King 0-0: Called Strike
0-1: Ball
1-1: Called Strike
1-2: Ball
2-2: Fly out, F7 (Flyball, 7D)
Runner from 3rd tags up, SCORES, no throw
Mario Rosales to third
Batting: LHB Michael Myers 0-0: Called Strike
0-1: Ball
1-1: Ball
2-1: Ball
3-1: Foul Ball, location: 2F
3-2: Foul Ball, location: 2F
3-2: Strikes out swinging
Bottom of the 8th over - 3 runs, 4 hits, 0 errors, 2 left on base; San Jose 7 - Santa Monica 19
TOP OF THE 9TH
San Jose Missions batting - Pitching for Santa Monica Bruins : LHP John Lawson
Now at 1B: Fred Ameris
Batting: SHB Ángel González 0-0: Foul Ball, location: 2F
0-1: Ball
1-1: Ball
2-1: Ground out 5-3 (Groundball, 5)
Batting: LHB John Foster 0-0: Called Strike
0-1: Called Strike
0-2: Ball
1-2: Strikes out swinging
Batting: LHB Pedro Ramos 0-0: Ball
1-0: Foul Ball, location: 2F
1-1: Ball
2-1: Ball
3-1: Foul Ball, location: 2F
3-2: Ground out 4-3 (Groundball, 4)
Top of the 9th over - 0 runs, 0 hits, 0 errors, 0 left on base; San Jose 7 - Santa Monica 19
Saturday, December 16th, 2017 - OOTP Baseball 18.8 Build 76